 Dungeon Crawl Stone Soup version 0.31-a0-431-g88bdf31460 (webtiles) character file.

Game seed: 1180150752799071133

2109 LeprechaunX the Grappler (level 9, -3/52 HPs)
             Began as an Octopode Shapeshifter on July 31, 2023.
             Was a Follower of Hepliaklqana.
             Shot with a sling bullet by Joseph (12 damage)
             ... on level 7 of the Dungeon.
             The game lasted 00:08:19 (5730 turns).

LeprechaunX the Grappler (Octopode Shapeshifter)    Turns: 5730, Time: 00:08:19

Health: -3/52      AC:  1    Str: 17    XL:     9   Next: 28%
Magic:  9/9        EV: 19    Int: 10    God:    Hepliaklqana [*.....]
Gold:   355        SH:  5    Dex: 14    Spells: 8/8 levels left

rFire   + .          .
                       - Unarmed
rCold   . . .        (no shield)
rNeg    . . .        (helmet currently unavailable)
rPois   .            e - amulet of reflection
rElec   .            i - ring of protection from fire
rCorr   .            w - +5 ring of evasion
SInv    .            (no ring)
Will    .....        (no ring)
Stlth   ++           (no ring)
HPRegen 0.28/turn    (no ring)
MPRegen 0.11/turn    (no ring)
                     (no ring)

%: reflection
@: beast-form
A: beast (slay +4), reduced essence, almost no armour, amphibious, 8 rings,
camouflage 1, gelatinous body 1, (nimble swimmer 1), tentacles
a: Begin Untransformation, Renounce Religion, Recall Ancestor, Ancestor Identity


You were on level 7 of the Dungeon.
You worshipped Hepliaklqana.
Hepliaklqana was aware of your devotion.
You were a hulking beast.
You visited 1 branch of the dungeon, and saw 7 of its levels.

You collected 355 gold pieces.

Inventory:

Missiles
 n - 7 boomerangs (quivered)
Armour
 s - the +3 kite shield of Fortitude {rElec}
   (You found it on level 3 of the Dungeon)

   rElec:     It insulates you from electricity.
Jewellery
 e - an amulet of reflection (around mantle)
 i - a ring of protection from fire (left tentacle)
 w - a +5 ring of evasion (right tentacle)
Talismans
 b - a beast talisman (active)
Wands
 a - a wand of flame (20)
 o - a wand of paralysis (26)
Scrolls
 c - 5 scrolls of teleportation {unknown}
 d - 2 scrolls of blinking {unknown}
 h - 2 scrolls of noise {unknown}
 k - 3 scrolls of identify {unknown}
 p - 6 scrolls of revelation {unknown}
 q - 2 scrolls of poison {unknown}
 v - a scroll of enchant weapon {unknown}
 x - a scroll of amnesia {unknown}
 y - a scroll of fog {unknown}
Potions
 f - a potion of magic {unknown}
 g - 2 potions of might {unknown}
 j - a potion of heal wounds {unknown}
 l - a potion of attraction {unknown}
 m - 3 potions of invisibility {unknown}
 r - a potion of cancellation {unknown}
 t - 3 potions of curing {unknown}
 u - a potion of mutation {unknown}
 z - a potion of degeneration {unknown}


   Skills:
 - Level 4.0 Fighting
 - Level 4.0 Dodging
 + Level 8.2 Unarmed Combat
 + Level 7.0 Shapeshifting


You had 8 spell levels left.
You didn't know any spells.
Your spell library contained the following spells:

 Spells                   Type           Power      Damage    Failure   Level
 Magic Dart               Conj           0%         1d3       36%         1
 Slow                     Hex            0%         N/A       36%         1
 Searing Ray              Conj           0%         2d4       50%         2
 Confusing Touch          Hex            0%         N/A       75%         3
 Ignite Poison            Fire/Tmut/Pois 0%         N/A       75%         3
 Vampiric Draining        Necr           0%         2d6       75%         3
 Fulminant Prism          Conj/Hex       0%         3d5       98%         4
 Sticky Flame             Conj/Fire      0%         2d3       98%         4
 Ignition                 Fire           0%         3d3       100%        8


Dungeon Overview and Level Annotations

Branches:
Dungeon (7/15)             Temple (0/1) D:4

Altars:
Elyvilon
Gozag
Hepliaklqana
Kikubaaqudgha
Okawaru
Ru

Annotations:
D:2 1 runed translucent door, Crazy Yiuf
D:7 Joseph


Innate Abilities, Weirdness & Mutations

You are a hulking beast.
Your limbs bulge with bestial killing power. (Slay +4)
Your life essence is reduced to manifest your ancestor. (-10% HP)
You cannot wear most types of armour.
You are amphibious.
You can wear up to eight rings at the same time.
Your skin changes colour to match your surroundings (Stealth+).
Your rubbery body absorbs attacks. (AC +1, EV +1)
((You are camouflaged when in or above water. (Stealth+)))
You have tentacles for arms and can constrict up to eight enemies at once.


Message History

You swap places.
Key pressed, stopping explore.
Found a stone staircase leading up.
There is a stone staircase leading up here.
You now have 355 gold pieces (gained 19).
Joseph, a Mercenary comes into view.
He is wielding a +0 quarterstaff.
Joseph is nearby!
Joseph is nearby!
Joseph is nearby!
The helpless Joseph fails to defend himself.
You batter Joseph!! You grab Joseph.
Joseph is moderately wounded.
You constrict Joseph, but do no damage. Joseph hits you with a +0 quarterstaff!
You bludgeon Joseph!
Joseph is heavily wounded.
You constrict Joseph, but do no damage. Joseph hits you with a +0 quarterstaff!
You completely miss Joseph.
Joseph is heavily wounded.
You constrict Joseph. Joseph hits you with a +0 quarterstaff!
You barely miss Joseph. You squeeze Joseph.
Joseph is heavily wounded.
You constrict Joseph.
Joseph hits you with a +0 quarterstaff!!
* * * LOW HITPOINT WARNING * * *
You tentacle-slap Joseph but do no damage.
Joseph is heavily wounded.
You constrict Joseph.
You swap places.
You release your grip on Joseph.
Joseph unwields a +0 quarterstaff.
Joseph wields a +0 sling.
Joseph shoots a sling bullet.
The sling bullet hits Artakama!
Artakama hits Joseph.
Artakama hits Joseph.
Joseph unwields a +0 sling.
Joseph wields a +0 quarterstaff.
Joseph hits Artakama with a +0 quarterstaff!
Artakama is destroyed!
Joseph shouts!
Okay, then.
Joseph unwields a +0 quarterstaff.
Joseph wields a +0 sling.
Joseph shoots a sling bullet.
The sling bullet hits you!
You die...

.####
#.####....####
....#
##@#..R.........#
....#
###.###.##...#.##.#
...## #+##..##
##R#.#.# # ...#
#...@## ##.#...#
#### #####.##
##<###.##
#..###....#.#
#.#.#.###......
#..##h## .#.###
#.##### # # #. #.
#. ..


You could see Joseph.

Vanquished Creatures
  Prince Ribbit (D:5)
  Sigmund (D:2)
  Eustachio (D:4)
  Menkaure (D:4)
  Edmund (D:4)
  A water moccasin (D:6)
  An ice beast (D:7)
  An ogre (D:6)
  2 centaurs
  A phantom (D:5)
  4 scorpions
  A hound (D:6)
  A jelly (D:6)
  3 orc priests (D:5)
  A sleepcap (D:4)
  A gnoll bouda (D:6)
  An iguana (D:2)
  Ijyb (D:3)
  An orc wizard (D:5)
  Robin (D:2)
  7 gnolls
  3 adders
  A shadow imp (D:7)
  2 ufetubi
  2 dart slugs
  18 orcs
  6 endoplasms
  2 giant cockroaches
  19 goblins
  6 hobgoblins
  4 jackals (D:2)
  8 kobolds
  7 quokkas
  10 ball pythons
  5 bats
  5 frilled lizards
  5 rats
136 creatures vanquished.

Vanquished Creatures (collateral kills)
  A scorpion (D:7)
  A jelly (D:7)
  An orc wizard (D:7)
  A gnoll (D:6)
  An orc (D:5)
5 creatures vanquished.

Vanquished Creatures (others)
  4 ancestors
4 creatures vanquished.

Grand Total: 145 creatures vanquished

Notes
Turn   | Place    | Note
-------+----------+-------------------------------------------
     0 | D:1      | LeprechaunX the Octopode Shapeshifter began the quest for
                  | the Orb.
     0 | D:1      | Reached XP level 1. HP: 13/13 MP: 1/1
   100 | D:1      | Reached XP level 2. HP: 18/18 MP: 2/2
   521 | D:1      | Reached XP level 3. HP: 2/23 MP: 3/3
  1343 | D:2      | Reached XP level 4. HP: 29/29 MP: 4/4
  1453 | D:2      | Found a faded altar of an unknown god.
  1557 | D:2      | Found a runed translucent door.
  1558 | D:2      | Noticed Crazy Yiuf
  1602 | D:2      | Noticed Sigmund
  1619 | D:2      | Killed Sigmund
  1620 | D:2      | Reached skill level 4 in Unarmed Combat
  1620 | D:2      | Reached XP level 5. HP: 23/36 MP: 5/5
  1620 | D:2      | Reached XP level 6. HP: 27/42 MP: 6/6
  1791 | D:2      | Noticed Robin
  1807 | D:2      | Killed Robin
  2359 | D:3      | Noticed Ijyb
  2364 | D:3      | Paralysed by Ijyb for 3 turns
  2370 | D:3      | Killed Ijyb
  2440 | D:3      | Identified the +3 kite shield of Fortitude {rElec}
  2477 | D:3      | Found an ancient bone altar of Kikubaaqudgha.
  2477 | D:3      | Found a white marble altar of Elyvilon.
  2946 | D:4      | Noticed Eustachio
  2946 | D:4      | Found a hazy altar of Hepliaklqana.
  2972 | D:4      | Killed Eustachio
  2973 | D:4      | Reached XP level 7. HP: 17/47 MP: 7/7
  3093 | D:4      | Became a worshipper of Hepliaklqana the Forgotten
  3136 | D:4      | Found a staircase to the Ecumenical Temple.
  3356 | D:4      | Noticed Menkaure
  3501 | D:4      | Found a sacrificial altar of Ru.
  3588 | D:4      | Killed Menkaure
  3589 | D:4      | Reached skill level 5 in Unarmed Combat
  3672 | D:5      | Entered Level 5 of the Dungeon
  3672 | D:5      | Found an iron altar of Okawaru.
  3717 | D:5      | Reached * piety under Hepliaklqana
  4106 | D:5      | Noticed Prince Ribbit
  4268 | D:5      | Reached skill level 5 in Shapeshifting
  4268 | D:5      | Reached XP level 8. HP: 26/48 MP: 8/8
  4364 | D:5      | Noticed Edmund
  4367 | D:5      | Killed Prince Ribbit
  4368 | D:5      | Reached skill level 6 in Unarmed Combat
  4387 | D:4      | Killed Edmund
  4627 | D:6      | Found an opulent altar of Gozag.
  4669 | D:6      | Reached skill level 7 in Unarmed Combat
  4973 | D:6      | Reached XP level 9. HP: 47/52 MP: 9/9
  5333 | D:7      | Reached skill level 8 in Unarmed Combat
  5717 | D:7      | Noticed Joseph
  5730 | D:7      | Shot with a sling bullet by Joseph

Illustrated notes

Levels and vault maps discovered:
D:1:      minmay_arrival_checkered_box, layout_loops_corners,
          wad_floor_pattern_1, minmay_hedge_maze,
          chequers_serial_rivers_small_3, roderic_lattice_a, dk_noncrumbling_2
D:2:      layout_basic, shapermc_ecumenical_altar_starsandcircs,
          uniq_crazy_yiuf_cottage, uniq_sigmund, uniq_robin
D:3:      layout_loops_corners, gammafunk_temple_overflow_wave, uniq_ijyb
D:4:      layout_basic, general_overflow_altar, amcnicky_altar_gilded,
          minmay_temple_entry_steel_oval, serial_curves, eino_curves_02,
          eino_curves_03, item_on_display_a, uniq_menkaure, uniq_eustachio
D:5:      layout_basic, okawaru_trees_1, uniq_prince_ribbit1, uniq_edmund
D:6:      layout_basic, mainiacjoe_overflow_alcove_1
D:7:      layout_loops_ring, old_standard_altar, serial_aquarium,
          aquarium_bridge_square [aquarium_subvault_balcony,
          aquarium_subvault_bridge, aquarium_subvault_window,
          aquarium_subvault_bridge], aquarium_bridge_long_joined
          [aquarium_subvault_bridge, aquarium_subvault_window,
          aquarium_subvault_bridge, aquarium_subvault_window,
          aquarium_subvault_bridge, aquarium_subvault_wall],
          aquarium_window_corridor_2, aquarium_window_double, aquarium_view_2a,
          aquarium_view_2b, aquarium_pool_corner, st_stairs_3, uniq_pikel,
          uniq_joseph

Skill      XL: |  1  2  3  4  5  6  7  8  9 |
---------------+----------------------------+-----
Fighting       | 2 3 4 |  4.0
Dodging        | 3 4 |  4.0
Unarmed Combat | 4 5 7 8 |  8.2
Shapeshifting  | 4 5 6 7 |  7.0

Action                     |  1- 3 |  4- 6 |  7- 9 || total
---------------------------+-------+-------+-------++-------
  Melee: Unarmed           |    53 |    98 |   123 ||   274
         Constrict         |    17 |    25 |    26 ||    68
         Tentacles         |     8 |    20 |    23 ||    51
         Punch             |     1 |     2 |     7 ||    10
  Throw: Boomerang         |       |       |    27 ||    27
    Use: Potion            |       |     1 |       ||     1
   Stab: Sleeping          |     8 |     3 |     6 ||    17
         Distracted        |       |     1 |     1 ||     2
 Armour: Skin              |     1 |     2 |     3 ||     6
  Dodge: Dodged            |    21 |    42 |    79 ||   142
  Block: Other             |     4 |     7 |    23 ||    34
         Reflection        |       |     2 |     1 ||     3

Table legend: (Time is in decaauts)
 A = Elapsed time spent in this place.
 B = Non-inter-level travel time spent in this place.
 C = Inter-level travel time spent in this place.
 D = Time resting spent in this place.
 E = Time spent auto-exploring this place.
 F = Levels seen in this place.
 G = Mean time per level.
                   A        B        C        D        E       F      G
               +--------+--------+--------+--------+--------+-----+--------+
         Total |   5712 |   5562 |    150 |    945 |   3656 |   7 |  816.0 |
       Dungeon |   5712 |   5562 |    150 |    945 |   3656 |   7 |  816.0 |
               +--------+--------+--------+--------+--------+-----+--------+

Top non-repeatable levels by time:
     D:1: 1264 daAuts
     D:4: 954 daAuts
     D:2: 838 daAuts
     D:3: 831 daAuts
     D:5: 725 daAuts
     D:6: 671 daAuts
     D:7: 426 daAuts
